 Dungeon Crawl Stone Soup version 0.24.0-2-g5b39cebb1c (webtiles) character file.

Game seed: 5942585719270713297, levelgen mode: deterministic

343 Mrkan the Ruffian (level 6, 0/59 HPs)
             Began as a Troll Earth Elementalist on Oct 31, 2019.
             Killed from afar by an orc wizard (3 damage)
             ... with a puff of flame
             ... on level 4 of the Dungeon.
             The game lasted 00:09:18 (3407 turns).

Mrkan the Ruffian (Troll Earth Elementalist)        Turns: 3407, Time: 00:09:18

Health: 0/59       AC:  6    Str: 14 (17) XL:     6   Next: 31%
Magic:  6/6        EV:  9    Int: 12 (13) God:
Gold:   147        SH:  0    Dex:  8 (10) Spells: 6/7 levels left

rFire    . . .     SeeInvis .     - Unarmed
rCold    . . .     Gourm    +   (no shield)
rNeg     . . .     Faith    .   c - +0 robe
rPois    .         Spirit   .   (helmet restricted)
rElec    .         Reflect  .   (no cloak)
rCorr    .         Harm     .   (gloves unavailable)
MR       .....                  (boots unavailable)
Stlth    +.........             (no amulet)
HPRegen  0.59/turn              (no ring)
MPRegen  0.10/turn              (no ring)

@: no status effects
A: large, unfitting armour, claws 3, fast metabolism 3, gourmand, regeneration
1, shaggy fur 1, tough skin 3
a: no special abilities


You were on level 4 of the Dungeon.
You were full.

You visited 1 branch of the dungeon, and saw 4 of its levels.

You collected 147 gold pieces.

Inventory:

Missiles
 b - 183 stones (quivered)
Armour
 c - a +0 robe (worn)
Jewellery
 f - a +4 ring of dexterity {unknown}
 q - a +5 amulet of reflection {unknown}
Scrolls
 e - a scroll of blinking {unknown}
 g - 5 scrolls of remove curse {unknown}
 i - a scroll of amnesia {unknown}
 k - a scroll of enchant armour {unknown}
 m - 3 scrolls of teleportation {unknown}
 n - 2 scrolls of identify {unknown}
 p - a scroll of random uselessness {unknown}
Potions
 a - 2 potions of might
 h - 2 potions of cancellation
 j - a potion of brilliance {unknown}
 l - a potion of degeneration
Comestibles
 d - 10 rations


   Skills:
 + Level 2.4 Fighting
 - Level 1.5 Dodging
 - Level 1.0 Stealth
 * Level 4.3 Unarmed Combat
 - Level 1.2 Spellcasting
   Level 0.6 Transmutations
 + Level 4.0 Earth Magic


You had 6 spell levels left.
You knew the following spells:

 Your Spells              Type           Power        Failure   Level  Hunger
a - Sandblast             Erth           ##....       6%          1    ##.....

Your spell library contained the following spells:

 Spells                   Type           Power        Failure   Level  Hunger
 Passwall                 Tmut/Erth      #.......     17%         2    ###....
 Stone Arrow              Conj/Erth      #.....       36%         3    ####...
 Petrify                  Tmut/Erth      #.......     75%         4    #####..
 Lee's Rapid Deconstruct  Erth           ##........   85%         5    ######.


Dungeon Overview and Level Annotations

Branches:
Dungeon (4/15)
 Temple: D:4-7

Altars:
Gozag


Innate Abilities, Weirdness & Mutations

You are too large for most types of armour.
You have claws for hands.
Your metabolism is lightning-fast.
You like to eat raw meat.
Your natural rate of healing is unusually fast.
You are covered in fur. (AC +1)
You have extremely tough skin. (AC +3)


Message History

You feel weakened.
You feel dopey.
You feel clumsy.
The orc wizard hits you but does no damage.
You closely miss the orc wizard.
The orc wizard is heavily wounded.
The orc wizard hits you but does no damage.
You closely miss the orc wizard.
The orc wizard is heavily wounded.
The orc wizard hits you but does no damage.
You scratch the orc wizard. Your claw misses the orc wizard.
The orc wizard is heavily wounded.
The orc wizard hits you with a +0 dagger.
* * * LOW HITPOINT WARNING * * *
Things that are here:
a +0 flail; a gnoll corpse The orc wizard casts a spell at you.
The puff of flame hits you.
* * * LOW HITPOINT WARNING * * *
The orc wizard casts a spell at you. The puff of flame hits you.
You die...

..........##.#
..........##g#
######.####)#
#.# #o#
##########.#
#o#
.......<...#
#o#
############
#.#
##.########
#..@.......
#..########
#.># #..# #..#
#..# #..# #..


You could see an orc wizard, a gnoll and 2 orcs.

Vanquished Creatures
  An orc priest (D:3)
  An orc wizard (D:3)
  A worker ant (D:3)
  11 gnolls
  4 adders
  An ooze (D:2)
  5 worms
  A dart slug (D:2)
  3 leopard geckos
  7 orcs (D:3)
  4 giant cockroaches
  9 goblins
  8 hobgoblins
  6 jackals
  9 kobolds
  2 quokkas (D:3)
  2 ball pythons (D:3)
  7 bats
  5 frilled lizards
  A quokka skeleton (D:3)
  6 rats
  A bush (D:2)
  A plant (D:2)
96 creatures vanquished.

Notes
Turn   | Place    | Note
-------+----------+-------------------------------------------
     0 | D:1      | Mrkan the Troll Earth Elementalist began the quest for the
                  | Orb.
     0 | D:1      | Reached XP level 1. HP: 16/16 MP: 1/1
   222 | D:1      | Reached skill level 1 in Unarmed Combat
   280 | D:1      | Reached XP level 2. HP: 24/26 MP: 2/2
   790 | D:2      | Reached XP level 3. HP: 23/32 MP: 3/3
   821 | D:2      | Reached skill level 1 in Fighting
  1267 | D:2      | Found an opulent altar of Gozag.
  1668 | D:2      | Reached XP level 4. HP: 35/41 MP: 4/4
  2582 | D:3      | Reached XP level 5. HP: 49/49 MP: 5/5
  2846 | D:3      | Reached XP level 6. HP: 55/57 MP: 6/6
  3406 | D:4      | HP: 2/59 [orc wizard/puff of flame (6)]
  3407 | D:4      | Killed from afar by an orc wizard

Levels and vault maps discovered:
D:1:      scummos_arrival_simple_crosswalls, layout_loops_ring, serial_glass,
          glass_columns_b, glass_columns_c
D:2:      minmay_chambers_of_ones, layout_loops_cross, grunt_gozag_breadcrumbs,
          serial_forest, infiniplex_forest_lined_ring,
          infiniplex_forest_lined_corner, infiniplex_forest_lined_2,
          infiniplex_forest_lined_1, infiniplex_forest_lined_4_way,
          infiniplex_forest_lined_corner, infiniplex_forest_lined_corner,
          infiniplex_forest_clump_medium, infiniplex_forest_end_2,
          infiniplex_forest_corner_1
D:3:      layout_loops_corners
D:4:      layout_loops_ring

Skill      XL: |  1  2  3  4  5  6 |
---------------+-------------------+-----
Unarmed Combat | 1 2 3 4 |  4.3
Earth Magic    | 3 4 |  4.0
Fighting       | 1 2 |  2.4
Dodging        | |  1.5
Stealth        | |  1.0
Spellcasting   | |  1.2
Transmutations | |  0.6

Action                   |  1- 3 |  4- 6 || total
-------------------------+-------+-------++-------
Melee: Unarmed           |   264 |   160 ||   424
       Punch             |     1 |     1 ||     2
  Use: Potion            |       |     3 ||     3
 Stab: Sleeping          |     2 |     1 ||     3
  Eat: Chunk             |    21 |    13 ||    34
Armor: Robe              |    66 |    46 ||   112
Dodge: Dodged            |    93 |    66 ||   159
